Map: Acid Plant LE

Players

Jiaxi

  • Race: Zerg Zerg
  • League: Diamond
  • Spawn Location: 11:00

unhedged - Winner!

  • Race: Terran Terran
  • League: Platinum
  • Spawn Location: 5:00

VOD

Have the link to the VOD?

Description

Time

  • Played on: March 4, 2018, 3:19 a.m.
  • Length: 13:58
Show
View Real Time Build Order
Export as new Build Order

Jiaxi Zerg 

Build Orders: Hatch First 

Get SALT Encoding   

  12  0:01  Drone  
  13  0:13  Overlord  
  13  0:17  Drone  
  14  0:32  Drone x2  
  16  0:40  Drone  
  17  0:58  Hatchery  
  17  0:59  Drone  
  17  1:01  Drone  
  17  1:04  Extractor  
  17  1:18  Spawning Pool  
  16  2:11  Queen  
  16  2:12  Queen  
  16  2:15  Metabolic Boost  
  20  2:16  Zergling x6  
  20  2:17  Zergling x2  
  24  2:29  Overlord  
  24  2:30  Zergling x2  
  25  2:49  Queen  
  25  2:50  Queen  
  29  3:04  Roach Warren  
  28  3:08  Drone x3  
  31  3:14  Zergling x4  
  30  3:55  Queen x2  
  30  3:57  Overlord  
  30  3:58  Overlord  
  30  4:00  Zergling x4  
  36  4:28  Hatchery  
  34  4:34  Zergling x8  
  34  4:35  Zergling x2  
  37  5:02  Roach x5  
  45  5:13  Drone x2  
  47  5:36  Baneling Nest  
  47  5:38  Drone x2  
  47  5:39  Drone x3  
  47  5:41  Overlord  
  50  5:55  Lair  
  38  6:33  Drone x4  
  38  6:34  Drone  
  38  6:38  Extractor, Drone  
  38  6:39  Drone x8  
  51  6:54  Extractor  
  51  6:58  Hydralisk Den  
  49  7:06  Extractor  
  49  7:07  Zergling x16  
  56  7:28  Centrifical Hooks  
  56  7:31  Grooved Spines  
  56  7:34  Zergling x2  
  56  7:35  Zergling x10  
  62  7:51  Drone x4  
  65  7:54  Baneling  
  66  8:19  Overlord x3  
  66  8:20  Overlord  
  66  8:29  Overlord x2  
  66  8:30  Overlord  
  66  8:38  Hydralisk  
  66  8:39  Hydralisk x2  
  72  8:46  Muscular Augments  
  71  9:09  Drone  
  66  9:10  Drone x9  
  66  9:16  Hydralisk  
  66  9:17  Hydralisk  
  79  9:30  Extractor  
  78  9:46  Hydralisk x7  
  78  9:47  Hydralisk  
  94  10:16  Baneling x12  
  94  10:17  Hydralisk x6  
  106  10:33  Overlord x5  
  106  10:40  Evolution Chamber  
  74  10:57  Zergling x26  
  86  11:10  Extractor  
  69  11:33  Hydralisk x10  
  69  11:39  Overseer  
  89  11:45  Evolution Chamber  
  88  11:48  Zerg Melee Weapons Level 1  
  88  11:55  Queen  
  90  12:25  Zergling x16  
  90  12:26  Zergling x6  
  102  12:30  Ravager  
  102  12:40  Hatchery  
  101  12:58  Baneling x22  
  101  12:59  Baneling x3  
  101  13:07  Zergling x14  
  108  13:21  Overlord x3  
Show
View Real Time Build Order
Export as new Build Order

unhedged Terran - Winner!

Build Orders: MMM Bio 

Get SALT Encoding   

  12  0:01  SCV  
  13  0:18  SCV, Supply Depot  
  14  0:30  SCV  
  14  0:35  Refinery  
  15  0:43  Barracks  
  15  0:50  SCV  
  16  1:02  SCV  
  17  1:08  Refinery  
  17  1:14  SCV  
  18  1:34  SCV  
  18  1:38  Supply Depot  
  19  1:57  Factory  
  19  1:58  Factory  
  19  2:06  Marine  
  20  2:13  Orbital Command  
  20  2:26  Marine  
  21  2:43  Hellion  
  25  2:44  Hellion  
  25  2:53  Barracks Reactor  
  25  2:57  Barracks  
  25  2:58  SCV  
  26  3:06  Widow Mine  
  26  3:07  Cyclone  
  31  3:51  Cyclone, SCV  
  31  3:56  Command Center  
  31  4:01  Barracks Tech Lab  
  31  4:05  Cyclone  
  34  4:11  Marine  
  34  4:12  Marine  
  39  4:40  Supply Depot  
  39  4:41  Marine x2  
  39  4:44  Barracks  
  33  5:00  Marine  
  33  5:01  Marine  
  33  5:03  Stimpack  
  33  5:04  Supply Depot  
  29  5:27  Starport  
  29  5:29  SCV  
  29  5:33  Marine x2  
  29  5:34  Marine x2  
  34  5:44  Barracks  
  34  5:45  Orbital Command  
  34  5:49  SCV  
  35  5:56  Barracks Reactor, Marine  
  35  5:57  Marine  
  36  5:58  Marauder  
  39  6:10  Medivac  
  40  6:13  SCV  
  40  6:18  Bunker  
  29  6:33  Marine  
  29  6:34  Marine x3  
  29  6:38  SCV  
  34  6:40  SCV  
  34  6:45  Medivac  
  38  6:47  Marine  
  38  6:49  Barracks Reactor  
  38  7:00  Marine  
  38  7:01  Marine x3  
  41  7:03  Combat Shields  
  41  7:07  Engineering Bay  
  42  7:08  Engineering Bay  
  42  7:15  Medivac  
  42  7:18  SCV x2  
  42  7:19  Marine x3  
  42  7:20  Marine x2  
  51  7:23  Supply Depot  
  51  7:26  Supply Depot  
  51  7:27  Marine  
  51  7:28  Marine  
  53  7:32  Widow Mine  
  53  7:36  SCV  
  56  7:39  Marine x2  
  56  7:43  Marine x2  
  60  7:46  Medivac  
  62  7:52  Supply Depot  
  62  7:53  SCV  
  62  7:55  SCV  
  64  8:07  Widow Mine  
  64  8:11  Marine x4  
  64  8:12  Marine x2  
  72  8:15  Marauder  
  74  8:24  Medivac  
  76  8:33  SCV  
  77  8:35  Supply Depot  
  77  8:37  Refinery  
  77  8:39  Marine x2  
  77  8:40  Marine x4  
  83  8:44  SCV  
  79  9:07  Marine  
  79  9:08  Marine x5  
  79  9:09  Marine  
  81  9:16  Hellion x2  
  85  9:18  Medivac  
  85  9:21  Armory  
  85  9:23  SCV  
  88  9:25  Marine  
  89  9:32  Marine x5  
  89  9:35  Concussive Shells  
  94  9:40  Supply Depot  
  94  10:01  Marine, SCV  
  94  10:02  Hellion x2  
  94  10:04  Starport Reactor  
  94  10:07  Terran Infantry Armor Level 1, Terran Infantry Weapons Level 1  
  100  10:24  Marine  
  100  10:25  Marine x3  
  102  10:29  Supply Depot  
  102  10:31  Supply Depot  
  102  10:40  Marine x3  
  102  10:42  Marine  
  101  10:44  Marine x2, Hellion x2  
  76  10:50  Medivac x2, Marine  
  76  10:53  Supply Depot  
  81  10:57  Marine x2  
  81  10:58  Marine  
  84  11:06  Command Center  
  84  11:19  Marine  
  84  11:20  Marine x5  
  84  11:21  Marine  
  85  11:31  Refinery  
  74  11:37  Marine x2  
  74  11:39  Medivac x2  
  84  11:49  Factory Reactor  
  84  11:50  Factory Reactor  
  84  11:52  Marine x4  
  84  11:53  Marine  
  85  11:55  Marine x2  
  87  12:08  SCV  
  87  12:09  SCV  
  87  12:10  Marine x3  
  92  12:17  Marine x3, Marauder  
  97  12:31  Hellion x2  
  97  12:32  Hellion x2  
  97  12:34  Marine x3  
  108  12:43  Planetary Fortress  
  108  12:49  SCV x2  
  110  12:52  Marine x4  
  114  13:10  Medivac x2  
  114  13:12  Marine x5  
  122  13:13  Marine x2  
  125  13:29  Marine  
  125  13:30  Marine x3  
Tags
 
Composition
MMM Bio
Matchup
TvZ
Spawn Locations
Cross Positions
Add a new tag
Caveats
  • Supply blocks, unpowered buildings, or Contaminate may cause inaccurate times.
  • Supply counts are checked every 10 seconds.